Stars vs Sharks

Created - Saturday, January 23, 2016 at 01:19

Goals
1 2 3 T
Stars 0 0 1 1
Sharks 1 2 3 6
Shots
1 2 3 T
Stars 1 7 12 20
Sharks 13 9 14 36

1st period

1. Sharks , Jay Harrison 1 (Vernon Fiddler, Justin Schultz) at 1:07

Penalties :
Bobby Farnham (SJ ) for Hooking (Minor) at 1:14, Brett Ritchie (Dal) for Hooking (Minor) at 6:56, Erik Haula (Dal) for Delaying the game (Minor) at 10:59, Alex Petrovic (Dal) for Interference (Minor) at 12:07

2nd period

2. Sharks , Richard Panik 7 (Jay Harrison) at 1:00
3. Sharks , Bobby Farnham 1 (Christian Folin, Nicolas Deslauriers) at 19:29

Penalties :
John Moore (Dal) for Hooking (Minor) at 7:09, Brad Richards (SJ ) for Cross-checking (Minor) at 11:55, Alexandre Burrows (Dal) for Delaying the game (Minor) at 16:43

3rd period

4. Sharks , Tomas Fleischmann 6 (Nicklas Grossmann, Brad Richards) at 2:27 (PP)
5. Sharks , Tomas Fleischmann 7 (Brad Richards) at 4:05 (PP)
6. Stars , Ryan Wilson 2 (Jamie Oleksiak, Mike Richards) at 7:29 (PP)
7. Sharks , Brad Richards 13 (Mike Green) at 19:09

Penalties :
Alexandre Burrows (Dal) for Tripping (Minor) at 2:02, Nicolas Deslauriers (SJ ) for Fighting (Major) at 3:59, John Moore (Dal) for Fighting (Major) at 3:59, John Moore (Dal) for instigated a fight (Minor) at 3:59, John Moore (Dal) for instigated a fight (10 Minutes Misconduct) at 3:59, Lance Bouma (SJ ) for Fighting (Major) at 4:58, Alex Petrovic (Dal) for Fighting (Major) at 4:58, Jay Harrison (SJ ) for Tripping (Minor) at 5:42, Jayson Megna (SJ ) for Goalie Interference (Minor) at 8:51, Jay Harrison (SJ ) for Hooking (Minor) at 13:12, Bobby Farnham (SJ ) for Interference (Minor) at 18:15, Alex Petrovic (Dal) for Hooking (Minor) at 19:06

Goalie Stats

Tom McCollum (Dal), 28 saves from 33 shots - (0.848), L, 4-23-1, 55:16 minutes
Justin Peters (Dal), 2 saves from 3 shots - (0.667), 4:44 minutes
Antti Raanta (SJ ), 19 saves from 20 shots - (0.950), W, 2-1-0, 60:00 minutes

Players Stats for Stars

Player Name              G  A  P  +/- PIM S  H  SB GA TA FO     MP     PP MP  PK MP  
------------------------------------------------------------------------------------
Aaron Johnson            0  0  0   0  0   0  1  0  0  0  0/0    12:07   1:42   2:06 
Alex Petrovic            0  0  0  -1  9   0  5  0  0  1  0/0    19:38   4:19   1:56 
Alexander Wennberg       0  0  0  -2  0   3  0  1  0  1  5/9    13:16   0:04   0:43 
Alexandre Burrows        0  0  0  -1  4   0  1  0  1  1  0/2     9:10   0:00   0:00 
Brett Ritchie            0  0  0  -1  2   2  2  0  2  0  6/12   22:24   6:23   3:59 
Casey Cizikas            0  0  0  -1  0   0  1  1  2  1  4/8    19:42   5:59   3:36 
Daniel Paille            0  0  0  -3  0   4  2  1  0  0  0/2    20:06   4:35   1:33 
Devin Setoguchi          0  0  0  -2  0   2  0  0  2  1  0/0    12:04   0:04   0:00 
Erik Haula               0  0  0  -1  2   2  0  0  1  1  4/7    18:33   4:07   3:56 
Gabriel Bourque          0  0  0   0  0   0  4  0  0  2  0/2    16:28   6:23   4:32 
Jamie Oleksiak           0  1  1  -3  0   0  3  4  0  0  0/0    29:40   4:46   7:31 
John Moore               0  0  0  -3  19  0  2  2  0  1  0/0    22:36   1:30   5:32 
Jonathan Drouin          0  0  0   0  0   2  1  0  1  0  0/0     5:29   0:00   0:00 
Manny Malhotra           0  0  0   0  0   2  0  1  0  0  2/11   10:28   0:00   0:00 
Matt Tennyson            0  0  0  -1  0   0  1  1  0  0  0/0    22:09   5:48   2:04 
Mike Richards            0  1  1   0  0   2  2  0  1  1  1/2    19:56   4:07   0:00 
Patrik Nemeth            0  0  0   0  0   0  0  0  0  0  0/0     0:00   0:00   0:00 
Ryan Wilson              1  0  1   0  0   1  2  0  0  0  0/0    14:41   3:02   0:00 

Players Stats for Sharks

Player Name              G  A  P  +/- PIM S  H  SB GA TA FO     MP     PP MP  PK MP  
------------------------------------------------------------------------------------
Andy Andreoff            0  0  0   0  0   1  1  0  0  0  5/6     6:41   0:00   0:00 
Bobby Farnham            1  0  1   1  4   2  2  0  0  0  0/0    11:04   0:00   0:00 
Brad Richards            1  2  3   1  2   5  1  1  2  0  19/28  24:28   4:23   5:47 
Christian Folin          0  1  1   1  0   0  0  1  0  1  0/0    12:01   0:00   0:58 
Ian Cole                 0  0  0   1  0   0  0  0  0  0  0/0    10:59   0:00   0:00 
Jay Harrison             1  1  2   2  4   2  1  1  0  0  0/0    21:48   4:11   2:02 
Jayson Megna             0  0  0   1  2   2  1  0  0  0  2/5    13:04   0:00   1:41 
Justin Schultz           0  1  1   2  0   3  0  5  0  1  0/0    22:48   4:11   3:00 
Lance Bouma              0  0  0   2  5   0  0  1  3  0  0/1    16:43   4:14   1:51 
Marek Hrivik             0  0  0   0  0   0  0  0  0  0  0/0     4:48   1:17   0:00 
Mike Green               0  1  1   1  0   2  4  1  2  1  0/0    26:12   5:24   7:34 
Nicklas Grossmann        0  1  1   1  0   3  2  3  0  1  0/0    26:12   5:24   7:34 
Nicolas Deslauriers      0  1  1   1  5   4  3  0  1  0  0/0    12:00   0:00   1:02 
Olli Jokinen             0  0  0   1  0   0  3  0  0  0  0/0    22:35   5:21   7:49 
Richard Panik            1  0  1   2  0   4  1  0  2  0  0/1    17:16   4:14   0:21 
Ryan Hamilton            0  0  0   0  0   1  1  0  1  0  0/1     6:41   0:00   0:00 
Tomas Fleischmann        2  0  2   0  0   2  3  0  3  0  0/1    13:45   5:21   0:00 
Vernon Fiddler           0  1  1   2  0   5  1  0  0  0  7/12   19:44   3:55   3:06 

3 Stars

1 - Tomas Fleischmann (SJ )
2 - Brad Richards (SJ )
3 - Richard Panik (SJ )

Power Play

Stars - 1 on 6 Attempt(s) - 16.67%
Sharks - 2 on 8 Attempt(s) - 25.00%

Penalty Kill

Stars - 6 on 8 Attempt(s) - 75.00% - Score 0 goal in Penalty Kill
Sharks - 5 on 6 Attempt(s) - 83.33% - Score 0 goal in Penalty Kill

Team Stat

Stars - Hits : 27 - Faceoff Wins : 22 - Blocked Shots : 11 - Penalty Minutes : 36
Sharks - Hits : 24 - Faceoff Wins : 33 - Blocked Shots : 13 - Penalty Minutes : 22

Official

Referees : Unknown
Linesman : Unknown

Game Notes

Nicolas Deslauriers and John Moore fight to a draw at 3:59 of 3rd period
Alex Petrovic beats up Lance Bouma at 4:58 of 3rd period
Tom McCollum is injured at 15:16 of 3rd period (Lacerated Left Calf)
Justin Peters enters game at 15:16 of 3rd period

Finance

Level 1 -- Attendance: 4536 (75.60%) -- Ticket Income $403,704
Level 2 -- Attendance: 3067 (61.34%) -- Ticket Income $211,623
Level 3 -- Attendance: 1517 (75.85%) -- Ticket Income $53,095
Level 4 -- Attendance: 2206 (55.15%) -- Ticket Income $55,150
Luxury Box -- Attendance: 676 (67.60%) -- Ticket Income $134,524
Game was played at the HP Pavilion.
Total Attendance: 12002 (66.68%)
Total Ticket Income: $858,096
Other Income: $420,467
Total Income: $1,278,563

Stars

5 vs 5 Forward 
   Center                   Left Wing                Right Wing               Time % Phy DF OF 
 1 Manny Malhotra           Mike Richards            Brett Ritchie            35     1   2  2  
 2 Alexander Wennberg       Daniel Paille            Devin Setoguchi          30     1   2  2  
 3 Casey Cizikas            Erik Haula               Alexandre Burrows        22     1   2  2  
 4 Mike Richards            Gabriel Bourque          Jonathan Drouin          13     1   2  2  

5 vs 5 Defense 
   Defense                  Defense                                           Time % Phy DF OF 
 1 Jamie Oleksiak           John Moore                                        35     1   2  2  
 2 Alex Petrovic            Matt Tennyson                                     30     1   2  2  
 3 Ryan Wilson              John Moore                                        22     1   2  2  
 4 Aaron Johnson            Jamie Oleksiak                                    13     1   2  2  

PowerPlay Forward 
   Center                   Left Wing                Right Wing               Time % Phy DF OF 
 1 Brett Ritchie            Casey Cizikas            Gabriel Bourque          60     1   2  2  
 2 Erik Haula               Daniel Paille            Mike Richards            40     1   2  2  

PowerPlay Defense
   Defense                  Defense                                           Time % Phy DF OF 
 1 Jamie Oleksiak           John Moore                                        60     1   2  2  
 2 Alex Petrovic            Matt Tennyson                                     40     1   2  2  

Penalty Kill 4 Players Forward 
   Center                   Wing                     Time % Phy DF OF 
 1 Erik Haula               Brett Ritchie            60     1   2  2  
 2 Gabriel Bourque          Casey Cizikas            40     1   2  2  

Penalty Kill 4 Players Defense
   Defense                  Defense                  Time % Phy DF OF 
 1 Jamie Oleksiak           John Moore               60     1   2  2  
 2 Alex Petrovic            Matt Tennyson            40     1   2  2  

Penalty Kill - 3 Players Forward 
   Forward                                           Time % Phy DF OF 
 1 Casey Cizikas                                     60     1   2  2  
 2 Gabriel Bourque                                   40     1   2  2  

Penalty Kill - 3 Players Defense
   Defense                  Defense                  Time % Phy DF OF 
 1 Jamie Oleksiak           John Moore               60     1   2  2  
 2 Alex Petrovic            Matt Tennyson            40     1   2  2  

4 vs 4 Forward 
   Center                   Wing                     Time % Phy DF OF 
 1 Brett Ritchie            Erik Haula               60     1   2  2  
 2 Gabriel Bourque          Casey Cizikas            40     1   2  2  

4 vs 4 Defense
   Defense                  Defense                  Time % Phy DF OF 
 1 Jamie Oleksiak           John Moore               60     1   2  2  
 2 Alex Petrovic            Matt Tennyson            40     1   2  2  

Last Minutes Offensive
   Center                   Left Wing                Right Wing               Defense                  Defense                  
   Manny Malhotra           Mike Richards            Brett Ritchie            Jamie Oleksiak           John Moore               

Last Minutes Defensive
   Center                   Left Wing                Right Wing               Defense                  Defense                  
   Manny Malhotra           Mike Richards            Brett Ritchie            Jamie Oleksiak           John Moore               

Goaltenders
Starting : Tom McCollum             
Backup : Justin Peters            

Extra Forwards
Normal : Erik Haula, Gabriel Bourque, Brett Ritchie - PP : Erik Haula, Gabriel Bourque - PK : Gabriel Bourque
Extra Defensemen
Normal : Ryan Wilson, John Moore, Aaron Johnson - PP : Ryan Wilson - PK : Jamie Oleksiak, Aaron Johnson
Penalty Shots
Gabriel Bourque, Erik Haula, Brett Ritchie, Casey Cizikas, Mike Richards

Sharks

5 vs 5 Forward 
   Center                   Left Wing                Right Wing               Time % Phy DF OF 
 1 Brad Richards            Olli Jokinen             Tomas Fleischmann        35     1   2  2  
 2 Vernon Fiddler           Lance Bouma              Richard Panik            30     1   2  2  
 3 Jayson Megna             Nicolas Deslauriers      Bobby Farnham            22     1   2  2  
 4 Andy Andreoff            Ryan Hamilton            Brad Richards            13     1   2  2  

5 vs 5 Defense 
   Defense                  Defense                                           Time % Phy DF OF 
 1 Mike Green               Nicklas Grossmann                                 35     1   2  2  
 2 Justin Schultz           Jay Harrison                                      30     1   2  2  
 3 Ian Cole                 Christian Folin                                   22     1   2  2  
 4 Mike Green               Nicklas Grossmann                                 13     1   2  2  

PowerPlay Forward 
   Center                   Left Wing                Right Wing               Time % Phy DF OF 
 1 Brad Richards            Olli Jokinen             Tomas Fleischmann        60     1   2  2  
 2 Vernon Fiddler           Lance Bouma              Richard Panik            40     1   2  2  

PowerPlay Defense
   Defense                  Defense                                           Time % Phy DF OF 
 1 Mike Green               Nicklas Grossmann                                 60     1   2  2  
 2 Justin Schultz           Jay Harrison                                      40     1   2  2  

Penalty Kill 4 Players Forward 
   Center                   Wing                     Time % Phy DF OF 
 1 Brad Richards            Olli Jokinen             60     1   2  2  
 2 Vernon Fiddler           Lance Bouma              40     1   2  2  

Penalty Kill 4 Players Defense
   Defense                  Defense                  Time % Phy DF OF 
 1 Mike Green               Nicklas Grossmann        60     1   2  2  
 2 Justin Schultz           Jay Harrison             40     1   2  2  

Penalty Kill - 3 Players Forward 
   Forward                                           Time % Phy DF OF 
 1 Brad Richards                                     60     1   2  2  
 2 Olli Jokinen                                      40     1   2  2  

Penalty Kill - 3 Players Defense
   Defense                  Defense                  Time % Phy DF OF 
 1 Mike Green               Nicklas Grossmann        60     1   2  2  
 2 Justin Schultz           Jay Harrison             40     1   2  2  

4 vs 4 Forward 
   Center                   Wing                     Time % Phy DF OF 
 1 Brad Richards            Olli Jokinen             60     1   2  2  
 2 Vernon Fiddler           Lance Bouma              40     1   2  2  

4 vs 4 Defense
   Defense                  Defense                  Time % Phy DF OF 
 1 Mike Green               Nicklas Grossmann        60     1   2  2  
 2 Justin Schultz           Jay Harrison             40     1   2  2  

Last Minutes Offensive
   Center                   Left Wing                Right Wing               Defense                  Defense                  
   Brad Richards            Olli Jokinen             Tomas Fleischmann        Mike Green               Nicklas Grossmann        

Last Minutes Defensive
   Center                   Left Wing                Right Wing               Defense                  Defense                  
   Brad Richards            Olli Jokinen             Tomas Fleischmann        Mike Green               Nicklas Grossmann        

Goaltenders
Starting : Antti Raanta             
Backup : Roberto Luongo           

Extra Forwards
Normal : Marek Hrivik, Nicolas Deslauriers, Jayson Megna - PP : Marek Hrivik, Nicolas Deslauriers - PK : Jayson Megna
Extra Defensemen
Normal : Ian Cole, Christian Folin, Justin Schultz - PP : Ian Cole - PK : Christian Folin, Justin Schultz
Penalty Shots
Brad Richards, Olli Jokinen, Vernon Fiddler, Lance Bouma, Tomas Fleischmann

% Time on Ice - Stars

Lines # - Real PCT - Wanted PCT - Time Play
Normal Forward
1 - 34% - 35% - 13:14
2 - 30% - 30% - 11:50
3 - 22% - 22% - 8:25
4 - 14% - 13% - 5:29
Normal Defense
1 - 31% - 35% - 12:13
2 - 36% - 30% - 13:59
3 - 21% - 22% - 8:10
4 - 12% - 13% - 4:36
PP Forward
1 - 61% - 60% - 6:27
2 - 39% - 40% - 4:07
PP Defense
1 - 45% - 60% - 4:46
2 - 55% - 40% - 5:48
PK Forward
1 - 84% - 60% - 7:22
2 - 16% - 40% - 1:22
PK Defense
1 - 76% - 60% - 6:40
2 - 24% - 40% - 2:04
PK3 Forward
1 - 100% - 60% - 0:51
2 - 0% - 40% - 0:00
PK3 Defense
1 - 100% - 60% - 0:51
2 - 0% - 40% - 0:00
44 Forward
1 - 100% - 60% - 0:53
2 - 0% - 40% - 0:00
44 Defense
1 - 66% - 60% - 0:35
2 - 34% - 40% - 0:18
Last Minute Offensive  - 0:00
Last Minute Defensive  - 0:00
Total
Forward - 60:00
Defense - 60:00

% Time on Ice - Sharks

Lines # - Real PCT - Wanted PCT - Time Play
Normal Forward
1 - 24% - 35% - 9:14
2 - 31% - 30% - 12:05
3 - 28% - 22% - 10:58
4 - 17% - 13% - 6:41
Normal Defense
1 - 30% - 35% - 11:44
2 - 39% - 30% - 15:20
3 - 28% - 22% - 10:59
4 - 2% - 13% - 0:55
PP Forward
1 - 56% - 60% - 5:21
2 - 44% - 40% - 4:14
PP Defense
1 - 56% - 60% - 5:24
2 - 44% - 40% - 4:11
PK Forward
1 - 82% - 60% - 8:41
2 - 18% - 40% - 1:53
PK Defense
1 - 72% - 60% - 7:34
2 - 28% - 40% - 3:00
PK3 Forward
1 - 0% - 60%
2 - 0% - 40%
PK3 Defense
1 - 0% - 60%
2 - 0% - 40%
44 Forward
1 - 100% - 60% - 0:53
2 - 0% - 40% - 0:00
44 Defense
1 - 66% - 60% - 0:35
2 - 34% - 40% - 0:18
Last Minute Offensive  - 0:00
Last Minute Defensive  - 0:00
Total
Forward - 60:00
Defense - 60:00

Play by Play

1st period


0:01 of 1st period - Brad Richards wins face-off versus Manny Malhotra in neutral zone.
0:04 of 1st period - Manny Malhotra is hit by Tomas Fleischmann.
0:51 of 1st period - Icing by Alexander Wennberg.
0:52 of 1st period - Vernon Fiddler wins face-off versus Alexander Wennberg in Stars zone.
0:55 of 1st period - Snap shot by Vernon Fiddler.
0:55 of 1st period - Stopped by Tom McCollum with a rebound.
0:57 of 1st period - Snap shot by Richard Panik.
0:57 of 1st period - Stopped by Tom McCollum with a rebound.
0:59 of 1st period - Wrist shot by Vernon Fiddler.
0:59 of 1st period - Shot Blocked by Alexander Wennberg.
1:01 of 1st period - Wrist shot by Vernon Fiddler.
1:01 of 1st period - Stopped by Tom McCollum with a rebound.
1:03 of 1st period - Slapshot by Justin Schultz.
1:03 of 1st period - Shot Misses the Net.
1:05 of 1st period - Wrist shot by Vernon Fiddler.
1:05 of 1st period - Stopped by Tom McCollum with a rebound.
1:07 of 1st period - Backhand shot by Jay Harrison.
1:07 of 1st period - Goal by Jay Harrison - Stars : 0 - Sharks : 1.
1:08 of 1st period - Casey Cizikas wins face-off versus Jayson Megna in neutral zone.
1:14 of 1st period - Minor Penalty to Bobby Farnham for Hooking.
1:15 of 1st period - Brad Richards wins face-off versus Brett Ritchie in Sharks zone.
1:23 of 1st period - Slapshot by Brad Richards.
1:23 of 1st period - Stopped by Tom McCollum with a rebound.
1:51 of 1st period - Snap shot by Brett Ritchie.
1:51 of 1st period - Shot Blocked by Nicklas Grossmann.
3:14 of 1st period - Penalty to Bobby Farnham is over, Bobby Farnham is back on ice.
3:32 of 1st period - Christian Folin is hit by Daniel Paille and loses puck.
4:10 of 1st period - Bobby Farnham is hit by Alexandre Burrows.
4:14 of 1st period - Christian Folin is hit by Ryan Wilson and loses puck.
4:31 of 1st period - Wrist shot by Mike Richards.
4:31 of 1st period - Deflect By Brett Ritchie.
4:31 of 1st period - Shot Hit the Post.
4:31 of 1st period - Puck is out of play.
4:32 of 1st period - Manny Malhotra wins face-off versus Richard Panik in Sharks zone.
5:15 of 1st period - Justin Schultz is hit by Gabriel Bourque and loses puck.
6:50 of 1st period - Slapshot by Justin Schultz.
6:50 of 1st period - Stopped by Tom McCollum with a rebound.
6:56 of 1st period - Minor Penalty to Brett Ritchie for Hooking.
6:57 of 1st period - Erik Haula wins face-off versus Brad Richards in Stars zone.
8:56 of 1st period - Penalty to Brett Ritchie is over, Brett Ritchie is back on ice.
9:35 of 1st period - Snap shot by Nicolas Deslauriers.
9:35 of 1st period - Stopped by Tom McCollum without a rebound.
9:36 of 1st period - Andy Andreoff wins face-off versus Manny Malhotra in Stars zone.
9:43 of 1st period - Snap shot by Brad Richards.
9:43 of 1st period - Stopped by Tom McCollum with a rebound.
9:49 of 1st period - Snap shot by Brad Richards.
9:49 of 1st period - Stopped by Tom McCollum with a rebound.
9:51 of 1st period - Snap shot by Nicklas Grossmann.
9:51 of 1st period - Stopped by Tom McCollum without a rebound.
9:52 of 1st period - Mike Richards wins face-off versus Ryan Hamilton in Stars zone.
10:54 of 1st period - Snap shot by Bobby Farnham.
10:54 of 1st period - Stopped by Tom McCollum with a rebound.
10:56 of 1st period - Snap shot by Jayson Megna.
10:56 of 1st period - Stopped by Tom McCollum without a rebound.
10:57 of 1st period - Casey Cizikas wins face-off versus Jayson Megna in Stars zone.
10:59 of 1st period - Minor Penalty to Erik Haula for Delaying the game.
11:00 of 1st period - Casey Cizikas wins face-off versus Brad Richards in Stars zone.
11:20 of 1st period - Wrist shot by Tomas Fleischmann.
11:20 of 1st period - Shot Misses the Net.
11:56 of 1st period - Slapshot by Richard Panik.
11:56 of 1st period - Shot Hit the Post.
12:07 of 1st period - Minor Penalty to Alex Petrovic for Interference.
12:08 of 1st period - Brad Richards wins face-off versus Casey Cizikas in Stars zone.
12:29 of 1st period - Snap shot by Brad Richards.
12:29 of 1st period - Shot Blocked by John Moore.
12:59 of 1st period - Penalty to Erik Haula is over, Erik Haula is back on ice.
13:05 of 1st period - Gabriel Bourque is hit by Jay Harrison and loses puck.
13:32 of 1st period - John Moore is hit by Vernon Fiddler and loses puck.
13:58 of 1st period - Jamie Oleksiak is hit by Mike Green and loses puck.
14:07 of 1st period - Penalty to Alex Petrovic is over, Alex Petrovic is back on ice.
14:36 of 1st period - Snap shot by Alexander Wennberg.
14:36 of 1st period - Shot Blocked by Mike Green.
14:38 of 1st period - Wrist shot by Daniel Paille.
14:38 of 1st period - Shot Misses the Net.
14:40 of 1st period - Slapshot by Alex Petrovic.
14:40 of 1st period - Shot Misses the Net.
14:42 of 1st period - Wrist shot by Alexander Wennberg.
14:42 of 1st period - Shot Misses the Net.
15:10 of 1st period - Snap shot by Brett Ritchie.
15:10 of 1st period - Shot Misses the Net.
15:17 of 1st period - Icing by Mike Green.
15:18 of 1st period - Vernon Fiddler wins face-off versus Alexandre Burrows in Sharks zone.
16:54 of 1st period - Snap shot by Mike Richards.
16:54 of 1st period - Stopped by Antti Raanta with a rebound.
16:57 of 1st period - Icing by Justin Schultz.
16:58 of 1st period - Brad Richards wins face-off versus Manny Malhotra in Sharks zone.
17:28 of 1st period - Brad Richards is hit by Alex Petrovic and loses puck.
17:35 of 1st period - Ian Cole is hit by Alex Petrovic and loses puck.
18:23 of 1st period - Nicklas Grossmann is hit by John Moore and loses puck.
18:52 of 1st period - Gabriel Bourque is hit by Bobby Farnham and loses puck.
19:17 of 1st period - Nicklas Grossmann is hit by Aaron Johnson and loses puck.
19:28 of 1st period - Snap shot by Tomas Fleischmann.
19:28 of 1st period - Deflect By Brad Richards.
19:28 of 1st period - Shot Blocked by Jamie Oleksiak.
19:28 of 1st period - Puck is out of play.
19:29 of 1st period - Alexander Wennberg wins face-off versus Brad Richards in Stars zone.
19:29 of 1st period - Alexander Wennberg is hit by Tomas Fleischmann.
Goals for this period are 0 for Stars vs 1 for Sharks.
Shots for this period are 1 for Stars vs 13 for Sharks.

2nd period


0:01 of 2nd period - Manny Malhotra wins face-off versus Tomas Fleischmann in neutral zone.
0:30 of 2nd period - Off-side.
0:31 of 2nd period - Vernon Fiddler wins face-off versus Alexander Wennberg in neutral zone.
0:38 of 2nd period - Slapshot by Justin Schultz.
0:38 of 2nd period - Deflect By Richard Panik.
0:38 of 2nd period - Stopped by Tom McCollum with a rebound.
0:50 of 2nd period - Wrist shot by Richard Panik.
0:50 of 2nd period - Shot Misses the Net.
1:00 of 2nd period - Snap shot by Richard Panik.
1:00 of 2nd period - Goal by Richard Panik - Stars : 0 - Sharks : 2.
1:01 of 2nd period - Brad Richards wins face-off versus Manny Malhotra in neutral zone.
1:22 of 2nd period - Snap shot by Tomas Fleischmann.
1:22 of 2nd period - Shot Misses the Net.
1:47 of 2nd period - Nicklas Grossmann is hit by Jamie Oleksiak and loses puck.
1:54 of 2nd period - Jamie Oleksiak is hit by Mike Green and loses puck.
2:09 of 2nd period - Matt Tennyson is hit by Mike Green and loses puck.
2:31 of 2nd period - Jayson Megna is hit by Daniel Paille and loses puck.
2:46 of 2nd period - Snap shot by Devin Setoguchi.
2:46 of 2nd period - Shot Blocked by Jay Harrison.
2:52 of 2nd period - Matt Tennyson is hit by Nicolas Deslauriers and loses puck.
3:32 of 2nd period - Jonathan Drouin is hit by Ryan Hamilton and loses puck.
4:57 of 2nd period - Slapshot by Mike Green.
4:57 of 2nd period - Shot Blocked by Jamie Oleksiak.
5:01 of 2nd period - Snap shot by Mike Green.
5:01 of 2nd period - Shot Misses the Net.
5:52 of 2nd period - Wrist shot by Richard Panik.
5:52 of 2nd period - Deflect By Lance Bouma.
5:52 of 2nd period - Shot Misses the Net.
5:52 of 2nd period - Puck is out of play.
5:53 of 2nd period - Vernon Fiddler wins face-off versus Erik Haula in Stars zone.
6:16 of 2nd period - Wrist shot by Bobby Farnham.
6:16 of 2nd period - Deflect By Nicolas Deslauriers.
6:16 of 2nd period - Stopped by Tom McCollum with a rebound.
6:22 of 2nd period - Nicklas Grossmann is hit by Matt Tennyson.
6:34 of 2nd period - Ryan Hamilton is hit by Alex Petrovic.
7:09 of 2nd period - Minor Penalty to John Moore for Hooking.
7:10 of 2nd period - Erik Haula wins face-off versus Brad Richards in Stars zone.
8:16 of 2nd period - Olli Jokinen is hit by Casey Cizikas and loses puck.
8:23 of 2nd period - Jamie Oleksiak is hit by Tomas Fleischmann and loses puck.
8:38 of 2nd period - Wrist shot by Vernon Fiddler.
8:38 of 2nd period - Shot Misses the Net.
9:09 of 2nd period - Penalty to John Moore is over, John Moore is back on ice.
9:12 of 2nd period - Jamie Oleksiak is hit by Olli Jokinen and loses puck.
10:22 of 2nd period - Alex Petrovic is hit by Andy Andreoff and loses puck.
10:31 of 2nd period - Snap shot by Ryan Hamilton.
10:31 of 2nd period - Stopped by Tom McCollum with a rebound.
10:47 of 2nd period - Justin Schultz is hit by Gabriel Bourque and loses puck.
11:00 of 2nd period - Snap shot by Jonathan Drouin.
11:00 of 2nd period - Stopped by Antti Raanta with a rebound.
11:02 of 2nd period - Slapshot by Gabriel Bourque.
11:02 of 2nd period - Shot Hit the Post.
11:04 of 2nd period - Wrist shot by Gabriel Bourque.
11:04 of 2nd period - Deflect By Jonathan Drouin.
11:04 of 2nd period - Stopped by Antti Raanta with a rebound.
11:24 of 2nd period - Wrist shot by Brett Ritchie.
11:24 of 2nd period - Stopped by Antti Raanta without a rebound.
11:25 of 2nd period - Vernon Fiddler wins face-off versus Manny Malhotra in Sharks zone.
11:50 of 2nd period - Snap shot by Casey Cizikas.
11:50 of 2nd period - Shot Misses the Net.
11:52 of 2nd period - Wrist shot by Daniel Paille.
11:52 of 2nd period - Stopped by Antti Raanta without a rebound.
11:53 of 2nd period - Brad Richards wins face-off versus Alexandre Burrows in Sharks zone.
11:55 of 2nd period - Minor Penalty to Brad Richards for Cross-checking.
11:56 of 2nd period - Brett Ritchie wins face-off versus Jayson Megna in Sharks zone.
12:57 of 2nd period - Alex Petrovic is hit by Mike Green and loses puck.
13:12 of 2nd period - John Moore is hit by Jayson Megna.
13:23 of 2nd period - Backhand shot by Matt Tennyson.
13:23 of 2nd period - Shot Blocked by Nicklas Grossmann.
13:25 of 2nd period - Slapshot by Alex Petrovic.
13:25 of 2nd period - Shot Blocked by Nicklas Grossmann.
13:44 of 2nd period - Mike Green is hit by Alex Petrovic and loses puck.
13:55 of 2nd period - Penalty to Brad Richards is over, Brad Richards is back on ice.
13:57 of 2nd period - Alexander Wennberg is hit by Nicolas Deslauriers and loses puck.
14:10 of 2nd period - Snap shot by Ryan Wilson.
14:10 of 2nd period - Deflect By Devin Setoguchi.
14:10 of 2nd period - Deflect By Mike Green.
14:10 of 2nd period - Shot Misses the Net.
14:10 of 2nd period - Puck is out of play.
14:11 of 2nd period - Alexander Wennberg wins face-off versus Andy Andreoff in Sharks zone.
14:14 of 2nd period - Wrist shot by Devin Setoguchi.
14:14 of 2nd period - Stopped by Antti Raanta with a rebound.
14:16 of 2nd period - Slapshot by Ryan Wilson.
14:16 of 2nd period - Deflect By Alexander Wennberg.
14:16 of 2nd period - Shot Misses the Net.
14:16 of 2nd period - Puck is out of play.
14:17 of 2nd period - Andy Andreoff wins face-off versus Manny Malhotra in Sharks zone.
14:48 of 2nd period - Slapshot by Alexander Wennberg.
14:48 of 2nd period - Stopped by Antti Raanta with a rebound.
14:50 of 2nd period - Snap shot by Daniel Paille.
14:50 of 2nd period - Shot Misses the Net.
14:52 of 2nd period - Wrist shot by Devin Setoguchi.
14:52 of 2nd period - Shot Misses the Net.
14:54 of 2nd period - Wrist shot by Daniel Paille.
14:54 of 2nd period - Stopped by Antti Raanta with a rebound.
15:16 of 2nd period - Ian Cole is hit by Alex Petrovic and loses puck.
15:37 of 2nd period - Wrist shot by Nicolas Deslauriers.
15:37 of 2nd period - Shot Blocked by Casey Cizikas.
16:28 of 2nd period - Jay Harrison is hit by John Moore.
16:43 of 2nd period - Minor Penalty to Alexandre Burrows for Delaying the game.
16:44 of 2nd period - Erik Haula wins face-off versus Vernon Fiddler in Stars zone.
17:03 of 2nd period - Mike Green is hit by Brett Ritchie and loses puck.
17:18 of 2nd period - Gabriel Bourque is hit by Olli Jokinen and loses puck.
17:25 of 2nd period - Snap shot by Brad Richards.
17:25 of 2nd period - Shot Misses the Net.
17:27 of 2nd period - Snap shot by Justin Schultz.
17:27 of 2nd period - Deflect By Brad Richards.
17:27 of 2nd period - Stopped by Tom McCollum with a rebound.
17:29 of 2nd period - Snap shot by Justin Schultz.
17:29 of 2nd period - Shot Misses the Net.
17:53 of 2nd period - Jay Harrison is hit by Gabriel Bourque and loses puck.
18:42 of 2nd period - Slapshot by Richard Panik.
18:42 of 2nd period - Shot Misses the Net.
18:43 of 2nd period - Penalty to Alexandre Burrows is over, Alexandre Burrows is back on ice.
19:01 of 2nd period - Icing by John Moore.
19:02 of 2nd period - Jayson Megna wins face-off versus Daniel Paille in Stars zone.
19:03 of 2nd period - Slapshot by Bobby Farnham.
19:03 of 2nd period - Shot Blocked by Jamie Oleksiak.
19:05 of 2nd period - Slapshot by Christian Folin.
19:05 of 2nd period - Shot Misses the Net.
19:07 of 2nd period - Snap shot by Jayson Megna.
19:07 of 2nd period - Stopped by Tom McCollum with a rebound.
19:09 of 2nd period - Slapshot by Christian Folin.
19:09 of 2nd period - Shot Blocked by Jamie Oleksiak.
19:11 of 2nd period - Snap shot by Nicolas Deslauriers.
19:11 of 2nd period - Stopped by Tom McCollum with a rebound.
19:13 of 2nd period - Slapshot by Nicolas Deslauriers.
19:13 of 2nd period - Shot Misses the Net.
19:17 of 2nd period - Wrist shot by Bobby Farnham.
19:17 of 2nd period - Shot Misses the Net.
19:19 of 2nd period - Slapshot by Ian Cole.
19:19 of 2nd period - Shot Misses the Net.
19:21 of 2nd period - Slapshot by Christian Folin.
19:21 of 2nd period - Shot Blocked by John Moore.
19:27 of 2nd period - Snap shot by Ian Cole.
19:27 of 2nd period - Deflect By Nicolas Deslauriers.
19:27 of 2nd period - Stopped by Tom McCollum with a rebound.
19:29 of 2nd period - Slapshot by Christian Folin.
19:29 of 2nd period - Deflect By Bobby Farnham.
19:29 of 2nd period - Goal by Bobby Farnham - Stars : 0 - Sharks : 3.
19:30 of 2nd period - Andy Andreoff wins face-off versus Mike Richards in neutral zone.
19:33 of 2nd period - Snap shot by Justin Schultz.
19:33 of 2nd period - Shot Blocked by Matt Tennyson.
19:35 of 2nd period - Snap shot by Ryan Hamilton.
19:35 of 2nd period - Shot Misses the Net.
19:53 of 2nd period - Jay Harrison is hit by Jonathan Drouin.
Goals for this period are 0 for Stars vs 2 for Sharks.
Shots for this period are 7 for Stars vs 9 for Sharks.

3rd period


0:01 of 3rd period - Brad Richards wins face-off versus Manny Malhotra in neutral zone.
0:10 of 3rd period - Wrist shot by Tomas Fleischmann.
0:10 of 3rd period - Shot Misses the Net.
0:12 of 3rd period - Snap shot by Tomas Fleischmann.
0:12 of 3rd period - Shot Misses the Net.
0:14 of 3rd period - Slapshot by Mike Green.
0:14 of 3rd period - Stopped by Tom McCollum with a rebound.
0:16 of 3rd period - Snap shot by Olli Jokinen.
0:16 of 3rd period - Shot Blocked by Manny Malhotra.
0:18 of 3rd period - Slapshot by Nicklas Grossmann.
0:18 of 3rd period - Stopped by Tom McCollum with a rebound.
0:20 of 3rd period - Slapshot by Mike Green.
0:20 of 3rd period - Stopped by Tom McCollum without a rebound.
0:21 of 3rd period - Alexander Wennberg wins face-off versus Lance Bouma in Stars zone.
0:28 of 3rd period - Slapshot by Alexander Wennberg.
0:28 of 3rd period - Shot Misses the Net.
0:30 of 3rd period - Wrist shot by Alexander Wennberg.
0:30 of 3rd period - Stopped by Antti Raanta with a rebound.
0:32 of 3rd period - Snap shot by Daniel Paille.
0:32 of 3rd period - Stopped by Antti Raanta without a rebound.
0:33 of 3rd period - Alexander Wennberg wins face-off versus Vernon Fiddler in Sharks zone.
0:36 of 3rd period - Snap shot by Devin Setoguchi.
0:36 of 3rd period - Shot Blocked by Lance Bouma.
0:38 of 3rd period - Snap shot by Devin Setoguchi.
0:38 of 3rd period - Deflect By Alexander Wennberg.
0:38 of 3rd period - Shot Blocked by Justin Schultz.
0:38 of 3rd period - Puck is out of play.
0:39 of 3rd period - Vernon Fiddler wins face-off versus Alexander Wennberg in Sharks zone.
0:52 of 3rd period - Slapshot by Richard Panik.
0:52 of 3rd period - Stopped by Tom McCollum with a rebound.
1:00 of 3rd period - Snap shot by Alexander Wennberg.
1:00 of 3rd period - Stopped by Antti Raanta with a rebound.
1:04 of 3rd period - Snap shot by Daniel Paille.
1:04 of 3rd period - Stopped by Antti Raanta with a rebound.
1:08 of 3rd period - Snap shot by Alexander Wennberg.
1:08 of 3rd period - Shot Blocked by Justin Schultz.
1:24 of 3rd period - Lance Bouma is hit by Jamie Oleksiak and loses puck.
1:31 of 3rd period - Snap shot by Mike Richards.
1:31 of 3rd period - Shot Misses the Net.
1:41 of 3rd period - Snap shot by Mike Richards.
1:41 of 3rd period - Stopped by Antti Raanta with a rebound.
1:43 of 3rd period - Snap shot by Manny Malhotra.
1:43 of 3rd period - Stopped by Antti Raanta with a rebound.
1:45 of 3rd period - Backhand shot by Manny Malhotra.
1:45 of 3rd period - Stopped by Antti Raanta without a rebound.
1:46 of 3rd period - Brad Richards wins face-off versus Casey Cizikas in Sharks zone.
2:02 of 3rd period - Minor Penalty to Alexandre Burrows for Tripping.
2:03 of 3rd period - Brad Richards wins face-off versus Erik Haula in Stars zone.
2:11 of 3rd period - Wrist shot by Tomas Fleischmann.
2:11 of 3rd period - Shot Misses the Net.
2:21 of 3rd period - Slapshot by Tomas Fleischmann.
2:21 of 3rd period - Shot Misses the Net.
2:23 of 3rd period - Wrist shot by Brad Richards.
2:23 of 3rd period - Shot Misses the Net.
2:25 of 3rd period - Slapshot by Nicklas Grossmann.
2:25 of 3rd period - Stopped by Tom McCollum with a rebound.
2:27 of 3rd period - Wrist shot by Tomas Fleischmann.
2:27 of 3rd period - Goal by Tomas Fleischmann - Stars : 0 - Sharks : 4.
2:28 of 3rd period - Brad Richards wins face-off versus Alexander Wennberg in neutral zone.
2:33 of 3rd period - Jamie Oleksiak is hit by Olli Jokinen and loses puck.
3:36 of 3rd period - Snap shot by Justin Schultz.
3:36 of 3rd period - Shot Misses the Net.
3:38 of 3rd period - Snap shot by Vernon Fiddler.
3:38 of 3rd period - Stopped by Tom McCollum with a rebound.
3:40 of 3rd period - Slapshot by Jay Harrison.
3:40 of 3rd period - Shot Misses the Net.
3:42 of 3rd period - Wrist shot by Richard Panik.
3:42 of 3rd period - Shot Misses the Net.
3:59 of 3rd period - Nicolas Deslauriers and John Moore fight to a draw.
3:59 of 3rd period - Penalty to Nicolas Deslauriers for Fighting.
3:59 of 3rd period - Penalty to John Moore for Fighting.
3:59 of 3rd period - Penalty to John Moore for instigated a fight.
3:59 of 3rd period - Penalty to John Moore for instigated a fight.
4:00 of 3rd period - Brad Richards wins face-off versus Erik Haula in neutral zone.
4:05 of 3rd period - Snap shot by Tomas Fleischmann.
4:05 of 3rd period - Goal by Tomas Fleischmann - Stars : 0 - Sharks : 5.
4:06 of 3rd period - Brad Richards wins face-off versus Casey Cizikas in neutral zone.
4:23 of 3rd period - Wrist shot by Tomas Fleischmann.
4:23 of 3rd period - Shot Misses the Net.
4:58 of 3rd period - Alex Petrovic beats up Lance Bouma.
4:58 of 3rd period - Penalty to Lance Bouma for Fighting.
4:58 of 3rd period - Penalty to Alex Petrovic for Fighting.
4:59 of 3rd period - Vernon Fiddler wins face-off versus Manny Malhotra in Stars zone.
5:18 of 3rd period - Wrist shot by Mike Richards.
5:18 of 3rd period - Shot Misses the Net.
5:34 of 3rd period - Wrist shot by Mike Richards.
5:34 of 3rd period - Shot Misses the Net.
5:42 of 3rd period - Minor Penalty to Jay Harrison for Tripping.
5:43 of 3rd period - Brad Richards wins face-off versus Brett Ritchie in Sharks zone.
6:10 of 3rd period - Snap shot by Brad Richards.
6:10 of 3rd period - Shot Misses the Net.
6:26 of 3rd period - Slapshot by Matt Tennyson.
6:26 of 3rd period - Shot Blocked by Brad Richards.
7:06 of 3rd period - Wrist shot by Casey Cizikas.
7:06 of 3rd period - Shot Misses the Net.
7:08 of 3rd period - Snap shot by Brett Ritchie.
7:08 of 3rd period - Stopped by Antti Raanta without a rebound.
7:09 of 3rd period - Jayson Megna wins face-off versus Gabriel Bourque in Sharks zone.
7:25 of 3rd period - Wrist shot by Mike Richards.
7:25 of 3rd period - Shot Blocked by Christian Folin.
7:27 of 3rd period - Snap shot by Jamie Oleksiak.
7:27 of 3rd period - Shot Misses the Net.
7:29 of 3rd period - Slapshot by Ryan Wilson.
7:29 of 3rd period - Deflect By Richard Panik.
7:29 of 3rd period - Goal by Ryan Wilson - Stars : 1 - Sharks : 5.
7:30 of 3rd period - Alexander Wennberg wins face-off versus Vernon Fiddler in neutral zone.
7:55 of 3rd period - Wrist shot by Devin Setoguchi.
7:55 of 3rd period - Shot Misses the Net.
8:03 of 3rd period - Slapshot by Justin Schultz.
8:03 of 3rd period - Stopped by Tom McCollum with a rebound.
8:05 of 3rd period - Snap shot by Vernon Fiddler.
8:05 of 3rd period - Shot Misses the Net.
8:07 of 3rd period - Snap shot by Vernon Fiddler.
8:07 of 3rd period - Stopped by Tom McCollum with a rebound.
8:51 of 3rd period - Minor Penalty to Jayson Megna for Goalie Interference.
8:52 of 3rd period - Brad Richards wins face-off versus Brett Ritchie in Sharks zone.
8:59 of 3rd period - Penalty to Nicolas Deslauriers is over, Nicolas Deslauriers is back on ice.
9:24 of 3rd period - Mike Green is hit by Jamie Oleksiak and loses puck.
9:58 of 3rd period - Penalty to Lance Bouma is over, Lance Bouma is back on ice.
10:02 of 3rd period - Casey Cizikas is hit by Nicolas Deslauriers and loses puck.
10:20 of 3rd period - Gabriel Bourque is hit by Brad Richards and loses puck.
10:51 of 3rd period - Penalty to Jayson Megna is over, Jayson Megna is back on ice.
11:23 of 3rd period - Ian Cole is hit by Mike Richards and loses puck.
11:32 of 3rd period - Snap shot by Brett Ritchie.
11:32 of 3rd period - Shot Misses the Net.
11:40 of 3rd period - Slapshot by Christian Folin.
11:40 of 3rd period - Deflect By Andy Andreoff.
11:40 of 3rd period - Stopped by Tom McCollum without a rebound.
11:41 of 3rd period - Casey Cizikas wins face-off versus Vernon Fiddler in Stars zone.
11:48 of 3rd period - Vernon Fiddler is hit by Ryan Wilson and loses puck.
12:13 of 3rd period - Alexandre Burrows is hit by Bobby Farnham and loses puck.
12:32 of 3rd period - Snap shot by Devin Setoguchi.
12:32 of 3rd period - Stopped by Antti Raanta without a rebound.
12:33 of 3rd period - Andy Andreoff wins face-off versus Daniel Paille in Sharks zone.
13:12 of 3rd period - Minor Penalty to Jay Harrison for Hooking.
13:13 of 3rd period - Brad Richards wins face-off versus Brett Ritchie in Sharks zone.
13:27 of 3rd period - Wrist shot by Brett Ritchie.
13:27 of 3rd period - Deflect By Casey Cizikas.
13:27 of 3rd period - Shot Misses the Net.
13:27 of 3rd period - Puck is out of play.
13:28 of 3rd period - Brett Ritchie wins face-off versus Brad Richards in Sharks zone.
13:47 of 3rd period - Olli Jokinen is hit by Mike Richards and loses puck.
14:14 of 3rd period - Backhand shot by Brett Ritchie.
14:14 of 3rd period - Shot Misses the Net.
14:34 of 3rd period - Icing by Mike Richards.
14:35 of 3rd period - Erik Haula wins face-off versus Vernon Fiddler in Stars zone.
15:12 of 3rd period - Penalty to Jay Harrison is over, Jay Harrison is back on ice.
15:16 of 3rd period - Slapshot by Lance Bouma.
15:16 of 3rd period - Deflect By Jay Harrison.
15:16 of 3rd period - Shot Misses the Net.
15:16 of 3rd period - Puck is out of play.
15:16 of 3rd period - Tom McCollum from Stars is injured at 15:16 of 3rd period (Lacerated Left Calf).
15:16 of 3rd period - Justin Peters enters game.
15:17 of 3rd period - Brad Richards wins face-off versus Manny Malhotra in Stars zone.
15:30 of 3rd period - Mike Richards is hit by Nicklas Grossmann and loses puck.
16:10 of 3rd period - Lance Bouma is hit by Brett Ritchie and loses puck.
16:21 of 3rd period - Alexander Wennberg is hit by Richard Panik.
17:06 of 3rd period - Slapshot by Justin Schultz.
17:06 of 3rd period - Shot Misses the Net.
17:08 of 3rd period - Slapshot by Justin Schultz.
17:08 of 3rd period - Shot Blocked by Daniel Paille.
17:10 of 3rd period - Wrist shot by Jay Harrison.
17:10 of 3rd period - Stopped by Justin Peters without a rebound.
17:11 of 3rd period - Andy Andreoff wins face-off versus Casey Cizikas in Stars zone.
17:14 of 3rd period - Slapshot by Brad Richards.
17:14 of 3rd period - Shot Misses the Net.
18:01 of 3rd period - Jamie Oleksiak is hit by Nicklas Grossmann and loses puck.
18:15 of 3rd period - Minor Penalty to Bobby Farnham for Interference.
18:16 of 3rd period - Brad Richards wins face-off versus Brett Ritchie in Sharks zone.
18:21 of 3rd period - Icing by Alex Petrovic.
18:22 of 3rd period - Brad Richards wins face-off versus Gabriel Bourque in Stars zone.
18:23 of 3rd period - Slapshot by Justin Schultz.
18:23 of 3rd period - Stopped by Justin Peters with a rebound.
18:57 of 3rd period - Justin Schultz is hit by Gabriel Bourque.
18:59 of 3rd period - 10 Minutes Misconduct Penalty to John Moore is over.
19:06 of 3rd period - Minor Penalty to Alex Petrovic for Hooking.
19:07 of 3rd period - Brad Richards wins face-off versus Brett Ritchie in Stars zone.
19:09 of 3rd period - Wrist shot by Brad Richards.
19:09 of 3rd period - Goal by Brad Richards - Stars : 1 - Sharks : 6.
19:10 of 3rd period - Brett Ritchie wins face-off versus Brad Richards in neutral zone.
19:41 of 3rd period - Snap shot by Brett Ritchie.
19:41 of 3rd period - Deflect By Erik Haula.
19:41 of 3rd period - Shot Misses the Net.
19:41 of 3rd period - Puck is out of play.
19:42 of 3rd period - Brett Ritchie wins face-off versus Brad Richards in Sharks zone.
19:47 of 3rd period - Slapshot by Matt Tennyson.
19:47 of 3rd period - Shot Blocked by Justin Schultz.
19:49 of 3rd period - Snap shot by Erik Haula.
19:49 of 3rd period - Stopped by Antti Raanta without a rebound.
19:50 of 3rd period - Brett Ritchie wins face-off versus Brad Richards in Sharks zone.
19:51 of 3rd period - Snap shot by Erik Haula.
19:51 of 3rd period - Shot Blocked by Justin Schultz.
19:57 of 3rd period - Wrist shot by Erik Haula.
19:57 of 3rd period - Stopped by Antti Raanta without a rebound.
19:58 of 3rd period - Brett Ritchie wins face-off versus Brad Richards in Sharks zone.
19:59 of 3rd period - Slapshot by Matt Tennyson.
19:59 of 3rd period - Shot Blocked by Justin Schultz.
Goals for this period are 1 for Stars vs 3 for Sharks.
Shots for this period are 12 for Stars vs 14 for Sharks.